Map: Ulrena

Players

Bdang - Winner!

  • Race: Zerg Zerg
  • League: Diamond

LilDicky

  • Race: Terran Terran
  • League: Diamond

VOD

http://www.twitch.tv/tumescentpie

Description

Time

  • Played on: Dec. 10, 2015, 3:11 p.m.
  • Length: 16:31
Show
View Real Time Build Order
Export as new Build Order

Bdang Zerg - Winner!

Build Orders: Hatch First 

Get SALT Encoding   

  12  0:00  Drone  
  13  0:12  Overlord  
  13  0:17  Drone  
  14  0:23  Drone, Extractor  
  15  0:30  Drone  
  15  0:34  Drone  
  17  0:53  Hatchery  
  17  0:56  Drone  
  17  1:00  Drone  
  17  1:04  Extractor  
  17  1:06  Drone  
  18  1:19  Spawning Pool  
  18  1:22  Drone  
  18  1:28  Drone  
  19  1:45  Overlord  
  19  1:51  Drone  
  20  2:07  Queen  
  22  2:10  Queen  
  22  2:11  Zergling x2  
  22  2:12  Metabolic Boost  
  25  2:15  Drone  
  25  2:22  Drone  
  27  2:23  Drone x2  
  27  2:28  Zergling x2  
  30  2:35  Drone  
  31  2:38  Overlord  
  31  2:52  Hatchery  
  30  2:59  Drone x3  
  30  3:04  Queen  
  35  3:10  Drone x2  
  37  3:18  Drone x2  
  39  3:21  Overlord  
  39  3:26  Drone  
  40  3:31  Extractor  
  40  3:32  Extractor  
  38  3:35  Drone x4  
  38  3:41  Overlord, Drone  
  42  3:42  Drone  
  42  3:47  Drone  
  45  3:52  Drone  
  45  3:55  Drone  
  47  4:03  Overlord  
  47  4:05  Spore Crawler  
  47  4:06  Drone x3  
  47  4:08  Lair  
  47  4:09  Drone  
  50  4:10  Extractor  
  50  4:11  Queen  
  50  4:14  Drone  
  52  4:21  Spore Crawler  
  51  4:27  Queen  
  53  4:33  Drone x4, Spore Crawler  
  56  4:38  Overlord  
  56  4:39  Drone  
  56  4:43  Drone  
  56  4:44  Drone  
  59  5:02  Drone  
  59  5:03  Drone  
  61  5:07  Drone x2  
  61  5:08  Drone x7, Overlord  
  61  5:09  Overlord  
  61  5:14  Zergling x6  
  72  5:21  Roach Warren  
  72  5:23  Zergling x4  
  72  5:24  Zergling x2  
  75  5:33  Extractor  
  74  5:38  Spire  
  74  5:39  Drone x3, Overlord  
  74  5:41  Extractor  
  74  6:05  Roach  
  74  6:06  Roach x6  
  74  6:08  Roach x6  
  74  6:09  Roach  
  102  6:19  Roach  
  100  6:26  Roach  
  100  6:27  Ravager  
  100  6:28  Ravager x2  
  100  6:29  Glial Reconstitution  
  103  6:40  Roach x2  
  105  6:57  Overlord x2  
  105  7:04  Overlord  
  105  7:05  Overlord x2  
  105  7:07  Overlord  
  105  7:08  Zerg Flyer Weapons Level 1  
  105  7:13  Evolution Chamber  
  105  7:15  Queen x2  
  108  7:17  Evolution Chamber  
  107  7:24  Mutalisk  
  107  7:25  Mutalisk x9  
  107  7:26  Hatchery  
  107  7:28  Mutalisk  
  128  7:34  Ravager x2  
  128  7:35  Ravager  
  131  7:43  Baneling Nest  
  130  7:44  Zerg Melee Weapons Level 1  
  130  7:47  Drone x2  
  130  7:48  Drone x2  
  134  7:58  Overlord  
  134  7:59  Drone x3  
  134  8:00  Drone  
  134  8:03  Drone  
  124  8:28  Roach x2  
  124  8:40  Roach  
  130  8:41  Roach x7  
  130  8:42  Roach x2  
  130  8:44  Zerg Ground Armor Level 1  
  140  8:53  Queen  
  139  8:55  Drone x2  
  139  8:56  Drone x2  
  140  9:25  Mutalisk, Corruptor  
  140  9:26  Corruptor x5  
  154  9:34  Drone x5  
  154  9:37  Infestation Pit  
  158  9:40  Extractor x2  
  156  9:48  Overlord x2  
  156  9:49  Drone x3  
  156  9:50  Drone  
  160  9:55  Overlord x2  
  160  10:00  Zerg Flyer Weapons Level 2  
  160  10:08  Mutalisk  
  160  10:09  Mutalisk x7  
  176  10:17  Zerg Missile Weapons Level 1  
  176  10:21  Hive  
  176  10:36  Roach x7  
  176  10:37  Roach  
  176  10:39  Hatchery  
  176  10:41  Overlord x3  
  183  11:04  Roach  
  183  11:05  Roach x8  
  199  11:53  Ravager  
  200  11:57  Overlord x2  
  198  12:03  Ultralisk Cavern  
  169  12:12  Corruptor x3  
  169  12:13  Corruptor x4  
  179  12:17  Greater Spire  
  179  12:18  Zerg Melee Weapons Level 2  
  179  12:19  Zerg Ground Armor Level 2  
  179  12:20  Adrenal Glands  
  179  12:33  Overlord  
  179  12:34  Drone x6  
  179  12:35  Drone x3  
  188  12:58  Corruptor x6  
  184  12:59  Corruptor x2  
  198  13:16  Ravager x2  
  188  13:33  Brood Lord x6  
  200  13:46  Overlord  
  200  13:54  Extractor x2  
  196  14:13  Roach  
  194  14:29  Roach  
  194  14:30  Roach x3  
  187  14:52  Brood Lord x2  
  175  14:53  Brood Lord x2  
  175  14:54  Corruptor x5, Brood Lord  
  175  14:55  Corruptor x4  
  189  15:01  Roach x2  
  191  15:14  Corruptor x3  
  191  15:15  Corruptor  
  195  15:27  Corruptor x2  
  199  15:32  Corruptor x2  
Show
View Real Time Build Order
Export as new Build Order

LilDicky Terran 

Build Orders: Command Center First (CC), Mech 

Get SALT Encoding   

  12  0:02  SCV  
  13  0:14  SCV  
  14  0:27  Supply Depot  
  14  0:28  SCV  
  15  0:48  SCV  
  16  1:00  Command Center  
  16  1:01  SCV  
  17  1:13  SCV  
  18  1:25  SCV  
  18  1:26  Barracks  
  19  1:38  SCV  
  20  1:51  SCV  
  21  1:55  Refinery  
  21  1:58  Refinery  
  21  2:03  SCV  
  22  2:13  Marine  
  22  2:14  Supply Depot  
  22  2:15  Orbital Command  
  24  2:19  Orbital Command  
  23  2:33  Marine  
  24  2:42  SCV  
  25  2:47  SCV  
  26  2:55  Bunker  
  26  2:58  SCV  
  26  3:02  SCV  
  26  3:03  Factory  
  28  3:11  SCV  
  29  3:15  SCV  
  30  3:24  SCV  
  30  3:25  Bunker  
  30  3:26  Marine  
  32  3:27  Refinery x2  
  32  3:33  Supply Depot, SCV  
  33  3:36  SCV  
  34  3:43  Marine  
  34  3:45  SCV  
  34  3:48  SCV  
  37  3:50  Factory Tech Lab  
  37  3:51  Starport  
  37  3:53  Armory  
  37  3:57  SCV  
  37  4:00  SCV  
  39  4:06  Supply Depot  
  39  4:09  SCV  
  40  4:12  SCV  
  41  4:21  SCV  
  42  4:24  SCV  
  42  4:28  Medivac  
  45  4:33  SCV  
  45  4:36  SCV  
  47  4:42  Liberator  
  47  4:43  Thor  
  47  4:45  Command Center  
  53  4:46  SCV  
  53  4:48  SCV  
  53  4:49  Supply Depot  
  53  4:52  Marine  
  55  4:58  SCV  
  60  5:00  SCV  
  61  5:07  Factory  
  61  5:08  Factory  
  61  5:10  SCV, Marine  
  61  5:12  SCV  
  64  5:22  SCV  
  65  5:30  Engineering Bay  
  65  5:36  Siege Tank  
  68  5:46  SCV x2  
  68  5:49  Bunker  
  70  6:06  Starport Reactor  
  67  6:40  Liberator x2  
  67  6:52  Planetary Fortress  
  67  6:55  Bunker  
  67  6:56  Siege Tank, Factory Reactor  
  67  6:57  Factory Tech Lab  
  67  7:00  SCV x2  
  78  7:06  Refinery  
  78  7:07  Refinery  
  78  7:12  SCV x2  
  78  7:13  Command Center  
  78  7:14  Command Center  
  80  7:16  Command Center, Terran Vehicle And Ship Armor Level 1, Factory  
  80  7:17  Factory  
  80  7:19  Armory  
  80  7:22  Missile Turret  
  80  7:23  Missile Turret  
  80  7:25  Missile Turret  
  80  7:27  Missile Turret  
  80  7:29  Missile Turret  
  80  7:31  Command Center  
  80  7:40  Supply Depot  
  80  7:42  Supply Depot  
  80  7:43  Missile Turret, Marine  
  81  7:44  Liberator  
  81  7:46  Liberator  
  81  7:52  Supply Depot  
  81  7:53  SCV  
  81  7:55  Hi-Sec Auto Tracking  
  81  7:56  SCV  
  81  7:57  SCV  
  84  8:01  Thor  
  96  8:09  Missile Turret  
  101  8:13  Missile Turret  
  101  8:15  Missile Turret  
  96  8:30  Factory Tech Lab  
  96  8:41  SCV x2  
  98  8:42  Orbital Command  
  98  8:43  Orbital Command x2  
  98  8:44  Thor  
  90  8:58  Liberator x2  
  90  9:00  SCV x2  
  97  9:17  Siege Tank  
  97  9:18  Hellion x2  
  104  9:27  Siege Tank  
  107  9:35  SCV x2  
  107  9:36  SCV x3  
  112  9:47  SCV  
  113  9:55  Missile Turret  
  113  9:56  Missile Turret x3  
  113  9:58  Orbital Command  
  113  10:01  Missile Turret  
  113  10:10  Orbital Command  
  113  10:13  Siege Tank  
  116  10:18  Refinery  
  116  10:19  Refinery  
  116  10:36  Missile Turret  
  116  10:38  Missile Turret  
  116  10:39  Missile Turret  
  116  10:40  Missile Turret  
  116  10:41  Missile Turret  
  116  10:44  Command Center, SCV x3  
  116  10:46  Missile Turret  
  119  10:50  Missile Turret x2  
  119  10:54  Missile Turret  
  119  10:56  Missile Turret  
  119  10:59  SCV x2  
  119  11:02  SCV  
  122  11:08  Thor, Widow Mine x2  
  122  11:10  SCV  
  133  11:14  SCV  
  134  11:27  Missile Turret  
  134  11:29  Missile Turret  
  134  11:30  Missile Turret  
  134  11:31  Missile Turret  
  133  11:34  Orbital Command  
  131  11:40  Liberator x2  
  131  11:43  Missile Turret  
  131  11:47  Missile Turret  
  131  11:49  Missile Turret  
  131  11:57  Missile Turret  
  131  12:00  Thor x2, Hellion  
  148  12:15  Missile Turret  
  148  12:17  Missile Turret  
  148  12:18  Planetary Fortress  
  148  12:19  Missile Turret x2  
  148  12:20  Missile Turret  
  146  12:22  Missile Turret  
  146  12:43  Thor  
  149  12:57  Hellion x3  
  153  13:16  Medivac  
  153  13:18  Hellion, Missile Turret  
  156  13:39  Starport  
  156  13:40  Starport  
  156  13:41  Starport  
  156  13:56  Terran Vehicle And Ship Armor Level 2  
  156  13:57  Terran Vehicle Weapons Level 1  
  156  13:59  Command Center  
  147  14:16  Viking x2  
  91  14:33  Viking x3  
  75  14:46  Viking x2  
  75  14:52  Thor x2  
  84  14:53  Hellion x2  
  87  15:02  Viking, Missile Turret  
  87  15:03  Viking x2, Missile Turret x2  
  72  15:14  Hellion x2  
  72  15:16  Viking x2  
  70  15:32  Viking  
  70  15:33  Viking x2  
  70  15:34  Thor  
  70  15:35  Hellion  
  75  15:36  Hellion  
  73  15:46  Viking x2  
  71  15:56  Siege Tank  
Tags
 
Add a new tag
Caveats
  • Supply blocks, unpowered buildings, or Contaminate may cause inaccurate times.
  • Supply counts are checked every 10 seconds.